 Dungeon Crawl Stone Soup version 0.31-a0-848-gaac375c287 (webtiles) character file.

Game seed: 5417973009699488668

30 croobank the Sneak (level 3, 0/29 HPs)
             Began as a Demonspawn Delver on Oct 4, 2023.
             Hit by a boomerang thrown by an orc (3 damage)
             ... on level 6 of the Dungeon.
             The game lasted 00:00:55 (135 turns).

croobank the Sneak (Demonspawn Delver)               Turns: 135, Time: 00:00:56

Health: 0/29       AC:  3    Str: 12    XL:     3   Next: 3%
Magic:  3/3        EV: 12    Int: 13    God:
Gold:   30         SH:  0    Dex: 14    Spells: 2/2 levels left

rFire   . . .        a - +0 short sword
rCold   . . .        (no shield)
rNeg    . . .        b - +0 leather armour
rPois   .            (no helmet)
rElec   .            (no cloak)
rCorr   .            (no gloves)
SInv    .            (no boots)
Will    .....        (no amulet)
Stlth   +++          (no ring)
HPRegen 0.24/turn    (no ring)
MPRegen 0.08/turn

%: no passive effects
@: hasted, very quick
A: demonic guardian 1
a: no special abilities


You were on level 6 of the Dungeon.
You visited 1 branch of the dungeon, and saw 2 of its levels.

You collected 30 gold pieces.

Inventory:

Hand Weapons
 a - a +0 short sword (weapon)
Armour
 b - a +0 leather armour (worn)
Wands
 g - a wand of digging (3)
 h - a wand of roots (4)
Scrolls
 c - a scroll of fog
 d - 2 scrolls of revelation
 i - a scroll of teleportation {unknown}


   Skills:
 + Level 3.3 Fighting
 + Level 2.2 Short Blades
 + Level 2.2 Dodging
 + Level 4.7 Stealth


You had 2 spell levels left.
You didn't know any spells.
Your spell library was empty.

Dungeon Overview and Level Annotations

Branches:
Dungeon (6/15)
 Temple: D:4-7

Altars:

Annotations:
D:5 1 transporter


Innate Abilities, Weirdness & Mutations

A weak demonic guardian rushes to your aid.


Message History

You hit the hound.
The hound is almost dead.
The hound bites you but does no damage.
You hit the hound but do no damage.
The hound is almost dead.
The hound bites you.
* * * LOW HITPOINT WARNING * * *
You hit the hound but do no damage.
The hound is almost dead.
The hound misses you.
You hit the hound.
You kill the hound!
Your Short Blades skill increases to level 2!
Your Dodging skill increases to level 2!
You have reached level 2!
Your demonic ancestry asserts itself...
You feel the presence of a demonic guardian.
You have reached level 3!
Your experience leads to an increase in your attributes!
Increase (S)trength, (I)ntelligence, or (D)exterity?
You feel clever. x2
The orc throws a boomerang.
The boomerang barely misses you.
The orc throws a boomerang.
The boomerang hits you.
* * * LOW HITPOINT WARNING * * *
A demonic guardian appears!
The orc throws a boomerang.
The boomerang hits you but does no damage.
You swap places.
The orc throws a boomerang.
The boomerang hits your white imp.
Your white imp barely misses the orc.
The orc hits your white imp with a +0 dagger.
Your white imp hits the orc but does no damage.
The orc throws a boomerang.
The boomerang barely misses your white imp.
The boomerang hits you.
* * * LOW HITPOINT WARNING * * *
Your white imp hits the orc but does no damage.
The orc throws a boomerang.
The boomerang misses your white imp. The boomerang hits you.
You die...

##.##
##.#######
#.#......#
##.#####.#
### #.#
##.##
##...##
#.#.#.#####
#.#......@#
#.###.###.#
##...## #.#
##### #.#
#.# #.# #5#
#o#
######.#


You could see an orc (ally target) and a friendly white imp (summoned).

Vanquished Creatures
  A hound (D:6)
1 creature vanquished.

Notes
Turn   | Place    | Note
-------+----------+-------------------------------------------
     0 | D:5      | croobank the Demonspawn Delver began the quest for the Orb.
     0 | D:5      | Reached XP level 1. HP: 18/18 MP: 1/1
    86 | D:6      | Noticed a hound
   121 | D:6      | Killed a hound
   122 | D:6      | Gained mutation: A weak demonic guardian rushes to your
                  | aid. [demonic ancestry]
   122 | D:6      | Reached XP level 2. HP: 6/24 MP: 2/2
   122 | D:6      | Reached XP level 3. HP: 8/29 MP: 3/3
   135 | D:6      | Hit by a boomerang thrown by an orc

Illustrated notes

Levels and vault maps discovered:
D:5:      layout_basic, gammafunk_ghost_smash, serial_undead, serial_undead_c,
          serial_undead_d, serial_undead_e, serial_undead_e, serial_undead_f
D:6:      layout_loops_ring, minmay_fountain_box

Skill      XL: |  1 |
---------------+----+-----
Short Blades   | 2 |  2.2
Dodging        | 2 |  2.2
Fighting       | |  3.3
Stealth        | |  4.7

Action                     || total
---------------------------++-------
  Melee: Short sword       ||    23
    Use: Scroll            ||     1
         Potion            ||     1
 Armour: Leather armour    ||    18
  Dodge: Dodged            ||    20

Table legend: (Time is in decaauts)
 A = Elapsed time spent in this place.
 B = Non-inter-level travel time spent in this place.
 C = Inter-level travel time spent in this place.
 D = Time resting spent in this place.
 E = Time spent auto-exploring this place.
 F = Levels seen in this place.
 G = Mean time per level.
                   A        B        C        D        E       F      G
               +--------+--------+--------+--------+--------+-----+--------+
         Total |    127 |    127 |      0 |      0 |     41 |   2 |   63.5 |
       Dungeon |    127 |    127 |      0 |      0 |     41 |   2 |   63.5 |
               +--------+--------+--------+--------+--------+-----+--------+

Top non-repeatable levels by time:
     D:6: 102 daAuts
     D:5: 25 daAuts
